 Dungeon Crawl Stone Soup version 0.30-a0-1043-g60ff8d5f49 (webtiles) character file.

Game seed: 4908353251779752058

26484 gelatine the Cleaver (level 12, -5/94 HPs)
             Began as a Demonspawn Delver on Apr 9, 2023.
             Slain by a demonic crawler (10 damage)
             ... on level 1 of the Spider Nest.
             The game lasted 00:36:45 (11712 turns).

gelatine the Cleaver (Demonspawn Delver)           Turns: 11712, Time: 00:36:47

Health: -5/94      AC: 12    Str: 24    XL:     12   Next: 98%
Magic:  13/13      EV:  5    Int: 13    God:
Gold:   308        SH:  0    Dex: 15    Spells: 12/12 levels left

rFire   . . .      SeeInvis .    A - +0 broad axe (freeze)
rCold   x . .      Faith    .    y - +2 tower shield
rNeg    . . .      Spirit   .    r - +6 chain mail "Eroazox" {rPois}
rPois   +          Reflect  +    (helmet unavailable)
rElec   .          Rampage  .    N - +1 cloak
rCorr   .                        C - +2 pair of gloves
Will    +....                    H - +1 pair of boots Stlth
                                 i - amulet of reflection
HPRegen 0.35/turn                u - +6 ring of strength
MPRegen 0.26/turn                (no ring)

@: spiked, corroded, held, studying Stealth
A: horns 3, ignite blood 2, magic regeneration, big brain 1, large bone plates
1, strong-willed 1, cold vulnerability 1, MP-powered wands
a: no special abilities


You were on level 1 of the Spider Nest.
You visited 3 branches of the dungeon, and saw 12 of its levels.

You collected 642 gold pieces.
You spent 334 gold pieces at shops.

Inventory:

Hand Weapons
 A - a +0 broad axe of freezing (weapon)
 M - the +9 dagger of Wuseed {elec, Will+}
   (You found it on level 9 of the Dungeon)

   Will:      It increases your willpower.
Missiles
 m - a throwing net
 I - 2 boomerangs
 J - a curare-tipped dart
 K - 26 poisoned darts (quivered)
Armour
 r - the +6 chain mail "Eroazox" (worn) {rPois}
   (You found it on level 2 of the Dungeon)

   rPois:     It protects you from poison.
 y - a +2 tower shield (worn)
 C - a +2 pair of gloves (worn)
 H - a +1 pair of boots (worn)
 L - a +0 troll leather armour
 N - a +1 cloak (worn)
 O - the +0 toga "Victory" {*Victory Clar}
   (You found it on level 2 of the Lair of Beasts)

   *Victory:  When the wearer kills a threatening monster, it has a chance to
   gain +1 AC, +1 Slay, and +1 Int, capping at +7.
   When the wearer uses a scroll or a potion with a hostile monster in sight,
   its bonuses reset to +0.
   Unequipping it also resets its bonuses to +0.
   Clar:      It protects you against confusion.
Jewellery
 i - an amulet of reflection (around neck)
 t - a ring of protection from fire
 u - a +6 ring of strength (left hand)
 v - a ring of poison resistance
Wands
 d - a wand of paralysis (30)
 g - a wand of digging (6)
 q - a wand of acid (8)
 F - a wand of flame (36)
 G - a wand of iceblast (6)
Scrolls
 a - a scroll of identify
 c - 3 scrolls of fog
 e - 3 scrolls of fear
 h - 3 scrolls of poison
 x - 2 scrolls of magic mapping
 B - 2 scrolls of teleportation
 E - a scroll of silence
Potions
 b - 2 potions of invisibility
 f - 2 potions of haste
 j - a potion of magic
 k - a potion of brilliance
 l - 2 potions of mutation
 n - 3 potions of cancellation
 o - a potion of heal wounds
 p - 3 potions of flight
 s - 2 potions of berserk rage
 w - a potion of resistance
 z - 6 potions of curing
 D - a potion of lignification


   Skills:
 * Level 8.5 Fighting
 * Level 12.5 Axes
 + Level 1.3 Throwing
 * Level 7.5 Armour
 * Level 6.7 Dodging
 + Level 5.2 Stealth
 * Level 9.9 Shields
 + Level 0.7 Spellcasting
 + Level 2.3 Evocations


You had 12 spell levels left.
You didn't know any spells.
Your spell library contained the following spells:

 Spells                   Type           Power      Damage    Failure   Level
 Shock                    Conj/Air       0%         1d3       100%        1
 Slow                     Hex            0%         N/A       100%        1
 Confusing Touch          Hex            0%         N/A       100%        3
 Gell's Gravitas          Tloc           0%         N/A       100%        3
 Swiftness                Air            0%         N/A       100%        3
 Teleport Other           Tloc           0%         N/A       100%        3
 Vampiric Draining        Necr           0%         2d6       100%        3
 Vhi's Electric Charge    Tloc/Air       0%         N/A       100%        3
 Airstrike                Air            0%         2d(0-16)  100%        4
 Arcjolt                  Conj/Air       0%         1d10      100%        5
 Dispersal                Tloc           0%         N/A       100%        6
 Plasma Beam              Fire/Air       0%         2x1d11    100%        6


Dungeon Overview and Level Annotations

Branches:
Dungeon (9/15)             Temple (0/1) D:4            Lair (2/5) D:9
 Spider (1/4) Lair:2          Orc (0/2) D:9
  Swamp: Lair:2-3    Shoals: Lair:2-3

Altars:
Ashenzari
Cheibriados
Fedhas
Gozag
Okawaru
Qazlal
Vehumet

Shops:
D:7 =   D:8 ***


Innate Abilities, Weirdness & Mutations

You have a pair of large horns on your head.
Your demonic aura often causes spilled blood to erupt in flames.
You regenerate magic rapidly.
You have an unusually large brain. (Int +2)
You are partially covered in large bone plates. (SH +4)
You are strong-willed. (Will+)
You are vulnerable to cold. (rC-)
You expend magic power (3 MP) to strengthen your wands.


Message History

Look: a redback (moderately wounded, chance to affect: 97%)
As you read the scroll of fear, it crumbles to dust.
You assume a fearsome visage.
The moth of wrath looks frightened!
The entropy weaver easily resists.
The jumping spider is unaffected.
The culicivora is unaffected.
The wolf spider looks frightened!
The tarantella looks frightened!
The redback looks frightened! x3; The tarantella looks frightened!
The steelbarb worm looks frightened!
The demonic crawler easily resists.
The entropy weaver looks frightened!
The jumping spider is engulfed in blazing flames.
The jumping spider pounces on you.
* * * LOW HITPOINT WARNING * * *
You are even more entangled.
The jumping spider bites you.
* * * LOW HITPOINT WARNING * * *
The wolf spider is engulfed in blazing flames.
You kill the wolf spider!
The culicivora is engulfed in blazing flames.
The culicivora bites you.
* * * LOW HITPOINT WARNING * * *
The culicivora draws strength from your injuries!
The steelbarb worm is engulfed in blazing flames.
The entropy weaver hits you!
* * * LOW HITPOINT WARNING * * *
The entropy weaver hits you but does no damage.
The entropy weaver barely misses you. The entropy weaver hits you.
* * * LOW HITPOINT WARNING * * *
The culicivora is engulfed in blazing flames.
The culicivora bites you but does no damage.
The jumping spider barely misses you.
The jumping spider bites you but does no damage.
You feel much better.
The culicivora is engulfed in blazing flames.
The culicivora bites you!!
* * * LOW HITPOINT WARNING * * *
The culicivora draws strength from your injuries!
The jumping spider barely misses you.
The jumping spider bites you but does no damage.
The demonic crawler hits you!
You die...

.... ...
.......##...
.....^..^..
....#...#. .
#s..#B..##
...
#.s#.w..#....
#sB§☼......
##.s@s..s...
#..s#s..^###
#s...#.....#
#y..#.......$
#....
#.(.....
......
.......
.....#.
..###..
#.....y ..#
^. ##.!#.. #


You could see 2 entropy weavers, a steelbarb worm (fleeing), a demonic crawler,
a moth of wrath (fleeing), 2 culicivoras, a jumping spider (berserk), 2
tarantellas and 3 redbacks.

Vanquished Creatures
  2 hydras (D:9)
  A centaur warrior (D:9)
  A boulder beetle (D:9)
  10 death yaks
  The ghost of sargonster the Cleaver, a novice HOBe of Trog (D:8)
  Amaemon (Lair:2)
  A steelbarb worm (shapeshifter) (D:9)
  A wolf spider (Spider:1)
  2 ugly things (D:9)
  2 manticores (D:8)
  2 cyclopes (D:9)
  A black mamba (Lair:2)
  An orange demon (Lair:2)
  5 cane toads
  6 komodo dragons
  A rime drake (Lair:1)
  A polar bear (Lair:1)
  A troll (D:9)
  2 tarantellas (Spider:1)
  5 blink frogs (Lair:2)
  6 yaks (Lair:1)
  A wyvern (D:9)
  A vampire (D:9)
  An unseen horror simulacrum (D:8)
  3 steam dragons
  3 basilisks (D:9)
  2 redbacks
  3 water moccasins
  A swamp drake (D:9)
  2 sky beasts (D:8)
  Duvessa (D:7)
  3 orc warriors
  2 ice beasts
  3 black bears
  An ogre (D:4)
  4 centaurs
  14 wolves
  3 kobold brigands
  A wyvern zombie (D:8)
  A gnoll sergeant (D:7)
  8 bullfrogs
  3 scorpions
  15 wights
  Dowan (D:7)
  9 killer bees
  2 howler monkeys (D:4)
  7 hounds
  6 orc priests
  A gnoll bouda (D:7)
  2 jellies
  3 sleepcaps
  An iguana (D:5)
  14 orc wizards
  A centaur simulacrum (D:9)
  A mummy (D:4)
  A howler monkey zombie (D:8)
  6 gnolls (D:7)
  7 adders
  2 shadow imps (D:6)
  A howler monkey simulacrum (D:8)
  4 ufetubi
  A worm (D:9)
  3 dart slugs
  30 orcs
  10 ball pythons
  4 bats
  8 endoplasms
  A giant cockroach (D:3)
  8 goblins
  8 hobgoblins
  11 jackals
  27 kobolds
  2 quokkas
  2 frilled lizards (D:2)
  5 rats
318 creatures vanquished.

Vanquished Creatures (others)
  A fungus (Lair:2)
  2 plants
3 creatures vanquished.

Grand Total: 321 creatures vanquished

Notes
Turn   | Place    | Note
-------+----------+-------------------------------------------
     0 | D:5      | gelatine the Demonspawn Delver began the quest for the Orb.
     0 | D:5      | Reached XP level 1. HP: 18/18 MP: 1/1
    16 | D:4      | Noticed a scorpion
    62 | D:3      | Gained mutation: Your demonic aura sometimes causes spilled
                  | blood to erupt in flames. [demonic ancestry]
    62 | D:3      | Reached XP level 2. HP: 9/24 MP: 2/2
   221 | D:3      | Found an opulent altar of Gozag.
   305 | D:2      | Reached skill level 5 in Stealth
   314 | D:2      | Found a blossoming altar of Fedhas.
   497 | D:1      | Gained mutation: You have a pair of small horns on your
                  | head. [demonic ancestry]
   497 | D:1      | Reached XP level 3. HP: 25/29 MP: 3/3
   674 | D:1      | Reached skill level 2 in Axes
  1453 | D:2      | Identified the +6 chain mail "Eroazox" {rPois}
  1571 | D:2      | Gained mutation: Your demonic aura often causes spilled
                  | blood to erupt in flames. [demonic ancestry]
  1571 | D:2      | Reached XP level 4. HP: 34/35 MP: 4/4
  1791 | D:3      | Reached skill level 1 in Evocations
  2062 | D:3      | Reached skill level 1 in Armour
  2197 | D:3      | Noticed a black bear
  2202 | D:3      | Killed a black bear
  2203 | D:3      | Reached skill level 3 in Axes
  2203 | D:3      | Gained mutation: You have an unusually large brain. (Int
                  | +2) [demonic ancestry]
  2203 | D:3      | Reached XP level 5. HP: 41/41 MP: 5/5
  2404 | D:4      | Gained mutation: You regenerate magic rapidly. [demonic
                  | ancestry]
  2404 | D:4      | Reached XP level 6. HP: 48/48 MP: 5/7
  2504 | D:4      | Reached skill level 1 in Shields
  2626 | D:4      | Reached skill level 4 in Axes
  2659 | D:4      | Reached XP level 7. HP: 54/54 MP: 8/8
  2691 | D:4      | Found a staircase to the Ecumenical Temple.
  3374 | D:4      | Found a stormy altar of Qazlal.
  3375 | D:4      | Found a radiant altar of Vehumet.
  3522 | D:5      | Reached skill level 5 in Axes
  3835 | D:5      | Gained mutation: You have a pair of horns on your head.
                  | [demonic ancestry]
  3835 | D:5      | Reached XP level 8. HP: 60/60 MP: 9/9
  4060 | D:5      | Reached skill level 6 in Axes
  4525 | D:6      | Reached skill level 5 in Fighting
  5378 | D:7      | Reached skill level 7 in Axes
  5379 | D:7      | Noticed Duvessa
  5380 | D:7      | Noticed Dowan
  5382 | D:7      | Killed Duvessa
  5383 | D:7      | Reached XP level 9. HP: 68/68 MP: 10/10
  5392 | D:7      | Killed Dowan
  5559 | D:7      | Found Moupnekliqi's Jewellery Boutique.
  5726 | D:7      | Found a broken altar of Ashenzari.
  6013 | D:8      | Found Masea's Assorted Antiques.
  6016 | D:8      | Bought a scroll labelled DIACZU BUNICEEPS for 23 gold
                  | pieces
  6016 | D:8      | Bought a scroll of enchant armour for 172 gold pieces
  6016 | D:8      | Bought a pair of boots for 103 gold pieces
  6069 | D:8      | Reached skill level 8 in Axes
  6370 | D:8      | Found Odghim's General Store.
  6380 | D:8      | Noticed a manticore
  6389 | D:8      | Killed a manticore
  6413 | D:8      | Bought a potion of curing for 36 gold pieces
  6463 | D:8      | Found Sosi's Assorted Antiques.
  6602 | D:8      | Reached skill level 5 in Shields
  6631 | D:8      | Found a runed translucent gate.
  6632 | D:8      | Found a runed translucent gate.
  6632 | D:8      | Found a runed translucent gate.
  6638 | D:8      | Noticed sargonster's ghost (novice HOBe)
  6661 | D:8      | Noticed a manticore
  6670 | D:8      | Reached XP level 10. HP: 51/76 MP: 11/11
  6674 | D:8      | Killed a manticore
  6713 | D:8      | Reached skill level 9 in Axes
  6817 | D:8      | Found an iron altar of Okawaru.
  7474 | D:9      | Found a staircase to the Orcish Mines.
  7684 | D:9      | Noticed a five-headed hydra
  7701 | D:9      | Killed a six-headed hydra
  7702 | D:9      | Reached skill level 5 in Armour
  7711 | D:9      | Noticed a cyclops
  7712 | D:9      | Noticed a cyclops
  7718 | D:9      | Killed a cyclops
  7721 | D:9      | Gained mutation: Armour fits poorly on your strangely
                  | shaped body. [potion of mutation]
  7721 | D:9      | Gained mutation: You are vulnerable to cold. (rC-) [potion
                  | of mutation]
  7721 | D:9      | Gained mutation: You are frail. (-10% HP) [potion of
                  | mutation]
  7725 | D:9      | Killed a cyclops
  8024 | D:8      | Killed sargonster's ghost
  8025 | D:8      | Reached skill level 5 in Dodging
  8030 | D:8      | Gained mutation: You have a pair of large horns on your
                  | head. [demonic ancestry]
  8030 | D:8      | Reached XP level 11. HP: 33/75 MP: 12/12
  8346 | D:9      | Noticed a centaur warrior
  8514 | D:8      | Lost mutation: You are frail. (-10% HP) [potion of
                  | mutation]
  8514 | D:8      | Lost mutation: Armour fits poorly on your strangely shaped
                  | body. [potion of mutation]
  8514 | D:8      | Gained mutation: You have hidden genetic potential. [potion
                  | of mutation]
  8514 | D:8      | Gained mutation: You expend magic power (3 MP) to
                  | strengthen your wands. [potion of mutation]
  8514 | D:8      | Gained mutation: You have large cloven feet. [potion of
                  | mutation]
  8515 | D:8      | Lost mutation: You have hidden genetic potential. [potion
                  | of mutation]
  8515 | D:8      | Lost mutation: You have large cloven feet. [potion of
                  | mutation]
  8515 | D:8      | Gained mutation: You are partially covered in large bone
                  | plates. (SH +4) [potion of mutation]
  8515 | D:8      | Gained mutation: You are agile. (Dex +4, Str/Int -1)
                  | [potion of mutation]
  8515 | D:8      | Lost mutation: You are agile. (Dex +4, Str/Int -1) [potion
                  | of mutation]
  8515 | D:8      | Gained mutation: You are strong-willed. (Will+) [potion of
                  | mutation]
  8545 | D:9      | Noticed a deep troll
  8549 | D:9      | a deep troll changed into a shock serpent
  8549 | D:9      | Noticed a shock serpent (shapeshifter)
  8551 | D:9      | a shock serpent changed into a torpor snail
  8552 | D:9      | Noticed a boulder beetle
  8553 | D:9      | a torpor snail changed into a steelbarb worm
  8553 | D:9      | Noticed a steelbarb worm (shapeshifter)
  8569 | D:9      | Killed a centaur warrior
  8570 | D:9      | Reached skill level 10 in Axes
  8570 | D:9      | Noticed a cyan ugly thing
  8570 | D:9      | Noticed a red ugly thing
  8572 | D:9      | Killed a steelbarb worm
  8593 | D:9      | Killed a green ugly thing
  8597 | D:9      | Killed a cyan ugly thing
  8623 | D:9      | Killed a boulder beetle
  8897 | D:9      | Identified the +9 dagger of Wuseed {elec, Will+}
  8948 | D:9      | Found a staircase to the Lair.
  9185 | D:9      | Found a snail-covered altar of Cheibriados.
  9250 | D:9      | Noticed a four-headed hydra
  9256 | D:9      | Killed a four-headed hydra
  9413 | Lair:1   | Entered Level 1 of the Lair of Beasts
  9453 | Lair:1   | Reached skill level 11 in Axes
  9621 | Lair:1   | Reached skill level 1 in Throwing
  9696 | Lair:1   | Noticed a death yak
  9696 | Lair:1   | Noticed a death yak
  9696 | Lair:1   | Noticed a death yak
  9735 | Lair:1   | Killed a death yak
  9827 | Lair:1   | Reached XP level 12. HP: 86/92 MP: 13/13
 10360 | Lair:1   | Noticed a death yak
 10361 | Lair:1   | Noticed a death yak
 10362 | Lair:1   | Noticed a death yak
 10381 | Lair:1   | Killed a death yak
 10384 | Lair:1   | Killed a death yak
 10388 | Lair:1   | Killed a death yak
 10399 | Lair:1   | Killed a death yak
 10404 | Lair:1   | Killed a death yak
 10704 | Lair:2   | Noticed a death yak
 10704 | Lair:2   | Noticed a death yak
 10705 | Lair:2   | Noticed a death yak
 10717 | Lair:2   | Noticed a death yak
 10721 | Lair:2   | Killed a death yak
 10727 | Lair:2   | Killed a death yak
 10731 | Lair:2   | Killed a death yak
 10731 | Lair:2   | Killed a death yak
 10732 | Lair:2   | Reached skill level 12 in Axes
 11204 | Lair:2   | Noticed Amaemon
 11224 | Lair:2   | Killed Amaemon
 11314 | Lair:2   | Found the +0 toga "Victory" {*Victory Clar}
 11377 | Lair:2   | Found a hole to the Spider Nest.
 11703 | Spider:1 | Entered Level 1 of the Spider Nest
 11704 | Spider:1 | Noticed an entropy weaver
 11705 | Spider:1 | Noticed an entropy weaver
 11711 | Spider:1 | HP: 4/94 [entropy weaver (13)]
 11712 | Spider:1 | Slain by a demonic crawler

Illustrated notes

Levels and vault maps discovered:
D:1:      minmay_arrival_four_circles, layout_basic
D:2:      layout_basic, basic_altar, hangedman_decor_push
D:3:      layout_basic, grunt_gozag_statues
D:4:      layout_basic, minitemple, minmay_temple_entry_trees,
          gup_ossuary_entry_pyramid
D:5:      layout_gridville, minmay_misc_feat_pillars, amcnicky_mini_pool_medium
D:6:      layout_loops_ring, corexii_checkpoint_b
D:7:      layout_cave_pools, amcnicky_altar_gilded, serial_gnoll_camp,
          gnoll_camp_mini_basic, gnoll_camp_mini_shop,
          gnoll_camp_mini_loothouse, gnoll_camp_mini_basic, uniq_duvessa
D:8:      layout_basic, okawaru_trees_1, serial_shops, nicolae_shop_statue_plus,
          nicolae_lakefront_shop, nicolae_stop_n_shop_1,
          gammafunk_ghost_necromancy, minmay_manual_mandibuliform
D:9:      layout_irregular_city, slow_altar_2, erik_lair_dragon, erik_orc_1,
          minivault_28
Lair:1:   layout_hall_layers
Lair:2:   layout_big_grid, spider_nest_entry_webs, grunt_megastairs_3,
          uniq_amaemon
Spider:1: layout_spider_delve

Skill      XL: |  1  2  3  4  5  6  7  8  9 10 11 12 |
---------------+-------------------------------------+-----
Stealth        | 5 |  5.2
Axes           | 2 3 4 5 7 8 9 11 12 | 12.5
Dodging        | 2 3 4 5 6 |  6.7
Evocations     | 1 2 |  2.3
Armour         | 1 3 4 5 6 7 |  7.5
Shields        | 1 2 3 5 7 8 9 |  9.9
Fighting       | 4 5 6 7 8 |  8.5
Throwing       | 1 |  1.3
Spellcasting   | |  0.7

Action                     |  1- 3 |  4- 6 |  7- 9 | 10-12 || total
---------------------------+-------+-------+-------+-------++-------
  Melee: Hand axe          |   112 |   100 |     6 |       ||   218
         Punch             |     1 |     1 |     3 |       ||     5
         Headbutt          |     9 |    18 |    49 |   105 ||   181
         Broad axe         |       |       |   274 |   394 ||   668
         Dagger            |       |       |       |     2 ||     2
  Throw: Throwing net      |       |     1 |     1 |     1 ||     3
         Boomerang         |       |     1 |     4 |       ||     5
         Dart              |       |       |       |    29 ||    29
  Evoke: Wand              |       |       |     2 |    17 ||    19
    Use: Scroll            |     1 |       |    16 |    10 ||    27
         Potion            |       |       |       |    10 ||    10
   Stab: Sleeping          |     8 |       |       |       ||     8
 Armour: Leather armour    |    30 |       |       |       ||    30
         Chain mail        |     2 |    63 |   200 |   208 ||   473
  Dodge: Dodged            |    67 |    40 |   133 |   127 ||   367
  Block: Other             |    29 |    28 |    63 |       ||   120
         Reflection        |     1 |       |    13 |    16 ||    30
         Tower shield      |       |       |   160 |   586 ||   746

Table legend: (Time is in decaauts)
 A = Elapsed time spent in this place.
 B = Non-inter-level travel time spent in this place.
 C = Inter-level travel time spent in this place.
 D = Time resting spent in this place.
 E = Time spent auto-exploring this place.
 F = Levels seen in this place.
 G = Mean time per level.
                   A        B        C        D        E       F      G
               +--------+--------+--------+--------+--------+-----+--------+
         Total |  12025 |  11592 |    433 |      0 |   8782 |  12 | 1002.1 |
       Dungeon |   9669 |   9292 |    377 |      0 |   6981 |   9 | 1074.3 |
          Lair |   2346 |   2290 |     56 |      0 |   1801 |   2 | 1173.0 |
   Spider Nest |     10 |     10 |      0 |      0 |      0 |   1 |   10.0 |
               +--------+--------+--------+--------+--------+-----+--------+

Top non-repeatable levels by time:
     D:9: 1714 daAuts
     D:8: 1634 daAuts
  Lair:1: 1257 daAuts
     D:4: 1173 daAuts
  Lair:2: 1088 daAuts
     D:6: 1027 daAuts
     D:1: 935 daAuts
     D:7: 898 daAuts
     D:5: 866 daAuts
     D:3: 839 daAuts
     D:2: 579 daAuts
Spider:1: 10 daAuts
